 Dungeon Crawl Stone Soup version 0.23.0-33-g5e6c059 (webtiles) character file.

Game seed: 15524662503625756382

31918 Kairos the Cleaver (level 13, -5/68 HPs)
             Began as a Vine Stalker Fighter on Feb 26, 2019.
             Was the Champion of Okawaru.
             Slain by a spiny frog (7 damage)
             ... while petrified by a basilisk
             ... on level 6 of the Lair of Beasts.
             The game lasted 00:34:51 (13836 turns).

Kairos the Cleaver (Vine Stalker Fighter)          Turns: 13836, Time: 00:34:55

Health: -5/68      AC: 18    Str: 25    XL:     13   Next: 61%
Magic:  0/20       EV:  2    Int: 11    God:    Okawaru [******]
Gold:   1067       SH:  0    Dex: 23    Spells: 19/21 levels left

rFire    . . .     SeeInvis .   a - +2 war axe
rCold    . . .     Gourm    .   c - +0 shield
rNeg     + + +     Faith    .   R - +1 chain mail
rPois    ∞         Spirit   +   (helmet restricted)
rElec    .         Reflect  +   S - +1 cloak {rPois}
rCorr    .         Harm     .   T - +1 pair of gloves {Dex+3}
MR       +....                  (no boots)
Stlth    +.........             q - +4 amulet of reflection
HPRegen  1.01/turn              F - +6 ring of slaying
MPRegen  0.17/turn              k - +6 ring of dexterity

@: petrified, heroism
A: fangs 3, horns 1, clever 1, regeneration 2, strong 1, magic shield, antimagic
bite, no potion heal 3, rot immunity
a: Heroism, Finesse, Renounce Religion


You were on level 6 of the Lair of Beasts.
You worshipped Okawaru.
Okawaru was exalted by your worship.
You were hungry.

You visited 3 branches of the dungeon, and saw 18 of its levels.

You collected 1142 gold pieces.
You spent 75 gold pieces at shops.

Inventory:

Hand Weapons
 a - a +2 war axe (weapon)
 b - a +2 vampiric hand axe
 d - the +9 flail of Pekionku {venom, rN+}
   (You took it off an orc warrior on level 9 of the Dungeon)

   It poisons the flesh of those it strikes.
   It protects you from negative energy.
 l - a +2 dagger of holy wrath
Missiles
 P - 2 javelins (quivered)
Armour
 c - a +0 shield (worn)
 R - a +1 chain mail (worn)
 S - a +1 cloak of poison resistance (worn)
 T - a +1 pair of gloves of dexterity (worn)
 W - the +0 ring mail of Curiosity {*Corrode rF++ rC+ SInv}
   (Okawaru gifted it to you on level 2 of the Lair of Beasts)

   It greatly protects you from fire.
   It protects you from cold.
   It lets you see invisible.
   It may corrode you when you take damage.
Jewellery
 g - an uncursed ring of protection from fire
 i - an uncursed ring of resist corrosion
 k - a +6 ring of dexterity (right hand)
 q - a +4 amulet of reflection (around neck)
 w - an uncursed ring of positive energy
 D - an uncursed ring of protection from cold
 F - a +6 ring of slaying (left hand)
 G - an uncursed amulet of rage
 J - an uncursed ring of see invisible
 K - an uncursed ring of positive energy
Wands
 h - a wand of acid (7)
 y - a wand of disintegration (3)
 E - a wand of flame (19)
 N - a wand of digging (18)
 U - a wand of clouds (4)
 V - a wand of enslavement (9)
Scrolls
 e - 4 scrolls of blinking
 j - 7 scrolls of teleportation
 m - 4 scrolls of fog
 n - 6 scrolls of magic mapping
 p - 6 scrolls of remove curse
 r - 2 scrolls of fear
 C - a scroll of brand weapon
 I - a scroll of immolation
 O - 4 scrolls of random uselessness
 X - 4 scrolls of holy word {unknown}
 Z - a scroll of acquirement {unknown}
Potions
 o - 4 potions of lignification
 t - a potion of haste
 u - a potion of resistance
 v - a potion of might
 x - 2 potions of degeneration {unknown}
 z - 3 potions of brilliance {unknown}
 A - 2 potions of agility {unknown}
 B - 2 potions of curing
 L - a potion of ambrosia {unknown}
 M - 4 potions of heal wounds {unknown}
 Q - 3 potions of flight {unknown}
 Y - a potion of magic
Miscellaneous
 s - a sack of spiders
Comestibles
 f - 26 rations


   Skills:
 * Level 7.6(12.6) Fighting
 * Level 12.4(17.5) Axes
 + Level 2.8(13.7) Maces & Flails
 * Level 8.1(13.1) Armour
 * Level 5.3(10.3) Dodging
 + Level 3.1(8.1) Stealth
 * Level 9.3(14.3) Shields
 * Level 4.5 Spellcasting
 * Level 4.9 Invocations
 + Level 0.4 Evocations


You had 19 spell levels left.
You knew the following spells:

 Your Spells              Type           Power        Failure   Level  Hunger
a - Blink                 Tloc           N/A          85%         2    ##.....

Your spell library contained the following spells:

 Spells                   Type           Power        Failure   Level  Hunger
 Confusing Touch          Hex            #.....       71%         1    #......
 Magic Dart               Conj           #...         71%         1    #......
 Sandblast                Erth           #.....       71%         1    #......
 Call Imp                 Summ           #.......     85%         2    ##.....
 Passwall                 Tmut/Erth      #.......     85%         2    ##.....
 Slow                     Hex            #.......     85%         2    ##.....
 Confuse                  Hex            #.......     97%         3    ###....
 Conjure Flame            Conj/Fire      #.......     97%         3    ###....
 Gell's Gravitas          Tloc           #.........   97%         3    ###....
 Mephitic Cloud           Conj/Pois/Air  #.......     97%         3    ###....
 Stone Arrow              Conj/Erth      #.....       97%         3    ###....
 Petrify                  Tmut/Erth      #.......     100%        4    #####..
 Lee's Rapid Deconstruct  Erth           #.........   100%        5    ######.
 Metabolic Englaciation   Hex/Ice        #.........   100%        5    ######.
 Yara's Violent Unravell  Hex/Tmut       #.........   100%        5    ######.


Dungeon Overview and Level Annotations

Branches:
Dungeon (11/15)            Temple (1/1) D:6            Lair (6/6) D:9
  Swamp (0/4) Lair:2        Snake (0/4) Lair:3        Slime (0/5) Lair:5
    Orc: D:9-12

Altars:
Ashenzari
Dithmenos
Elyvilon
Hepliaklqana
Nemelex Xobeh
Okawaru
Qazlal
Ru
Sif Muna
Trog
Uskayaw
Vehumet
Xom
Yredelemnul
The Shining One
Beogh

Shops:
D:4 ?

Annotations:
Lair:1 exclusion: oklob plant
Lair:5 exclusion: 3 oklob plants
Lair:6 2 transporters, Karim's ghost, journeyman TrEE


Innate Abilities, Weirdness & Mutations

You have razor-sharp teeth.
You heal very quickly.
When hurt, damage is shared between your health and your magic reserves.
Your bite disrupts and absorbs the magic of your enemies.
Potions cannot restore your health.
You are immune to rotting.
You have a pair of small horns on your head.
Your mind is acute. (Int +2)
Your muscles are strong. (Str +2)


Message History

* * * LOW HITPOINT WARNING * * *
The yak gores you but does no damage. The spiny frog stings you!
* * * LOW HITPOINT WARNING * * *
The yak gores you.
* * * LOW HITPOINT WARNING * * *
The basilisk bites you but does no damage.
The yak gores you but does no damage. x2; The spiny frog stings you.
* * * LOW HITPOINT WARNING * * *
The spiny frog stings you.
* * * LOW HITPOINT WARNING * * *
The yak gores you. The yak gores you but does no damage.
The basilisk gazes at you. You resist with almost no effort. The yak gores you!
* * * LOW HITPOINT WARNING * * *
The yak gores you but does no damage. The spiny frog stings you!
* * * LOW HITPOINT WARNING * * *
The spiny frog stings you!
You die...

#................. #...
##................ #....
#.................
#.....##................
#.... #................
. #.#.###.....######....
.P.#..P.#....## ###..
......FF....## ##.
......Y@Y.### #.
.$....YYl.# .........##
.........# .........#
.........# .........#
.........#


You could see 4 yaks, 2 spiny frogs and a basilisk.

Vanquished Creatures
  The ghost of Kairos the Basher, a journeyman FoAK of Lugonu (D:9)
  4 hydras
  An ogre mage (D:10)
  A two-headed ogre (D:10)
  3 death yaks (D:9)
  A glowing orange brain (D:10)
  Pikel (D:6)
  A deep elf mage (D:10)
  5 elephants (Lair:5)
  6 black mambas
  4 spiny frogs
  9 komodo dragons
  3 polar bears
  9 blink frogs
  2 bog bodies (Lair:2)
  A slime creature (Lair:5)
  6 dream sheep (Lair:3)
  3 hippogriffs
  Sigmund (D:2)
  4 wyverns
  19 yaks
  4 basilisks
  3 vampire mosquitoes (D:7)
  5 nagas (Lair:3)
  A warg (D:9)
  8 water moccasins
  9 porcupines
  Duvessa (D:4)
  3 ice beasts
  A slave (D:6)
  6 orc warriors
  A hornet zombie (D:10)
  2 black bears
  3 ogres
  A phantom (D:6)
  3 wolves (Lair:3)
  3 centaurs
  7 crocodiles
  Blork the orc (D:4)
  10 bullfrogs
  Dowan (D:4)
  A scorpion (D:4)
  4 wights (D:8)
  2 electric eels
  4 crimson imps
  A bullfrog zombie (D:8)
  A howler monkey (D:7)
  5 centaur zombies
  5 hounds
  A bullfrog skeleton (D:10)
  5 orc priests
  Crazy Yiuf (D:2)
  6 jellies
  5 orc wizards
  Ijyb (D:4)
  2 iguanas
  Natasha (thrice) (D:2)
  2 hell rats (D:9)
  7 worker ants
  A killer bee zombie (D:9)
  2 hound zombies
  A hound skeleton (D:6)
  Robin (D:4)
  A howler monkey zombie (D:6)
  A worker ant zombie (D:7)
  8 gnolls
  A howler monkey skeleton (D:9)
  14 adders
  A river rat (D:9)
  An ooze (D:6)
  An adder zombie (D:3)
  2 adder skeletons (D:3)
  3 worms
  2 dart slugs
  2 leopard geckos (D:6)
  30 orcs
  2 ball pythons
  4 giant cockroaches
  16 goblins
  4 hobgoblins
  A jackal (D:3)
  5 quokkas
  A ball python skeleton (D:6)
  5 bats
  5 frilled lizards
  3 giant cockroach zombies (D:3)
  A jackal skeleton (D:7)
  A jackal zombie (D:3)
  3 kobolds
  3 leopard gecko skeletons
  17 rats
  3 fungi
360 creatures vanquished.

Vanquished Creatures (others)
  A centaur (D:8)
  3 plants (Lair:3)
  4 toadstools (D:10)
8 creatures vanquished.

Grand Total: 368 creatures vanquished

Notes
Turn   | Place    | Note
-------+----------+-------------------------------------------
     0 | D:1      | Kairos the Vine Stalker Fighter began the quest for the
                  | Orb.
     0 | D:1      | Reached XP level 1. HP: 11/11 MP: 2/2
   321 | D:1      | Reached XP level 2. HP: 15/16 MP: 3/3
   334 | D:1      | Reached skill level 2 in Axes
   976 | D:2      | Reached XP level 3. HP: 11/19 MP: 4/4
  1049 | D:2      | Noticed Sigmund
  1849 | D:2      | Noticed Natasha
  1865 | D:2      | Killed Natasha
  1865 | D:2      | Gained mutation: Your natural rate of healing is unusually
                  | fast. [Vine Stalker growth]
  1865 | D:2      | Reached XP level 4. HP: 16/24 MP: 3/5
  2009 | D:2      | Found a runed translucent door.
  2010 | D:2      | Noticed Crazy Yiuf
  2067 | D:2      | Noticed Natasha
  2076 | D:2      | Killed Natasha
  2152 | D:2      | Noticed Natasha
  2163 | D:2      | Killed Sigmund
  2163 | D:2      | Reached skill level 3 in Axes
  2163 | D:2      | Reached skill level 1 in Dodging
  2163 | D:2      | Reached skill level 1 in Stealth
  2163 | D:2      | Reached XP level 5. HP: 27/28 MP: 6/6
  2163 | D:2      | Reached XP level 6. HP: 30/32 MP: 7/7
  2180 | D:2      | Killed Natasha
  2232 | D:2      | Killed Crazy Yiuf
  2561 | D:3      | Reached XP level 7. HP: 36/36 MP: 8/8
  2669 | D:3      | Reached skill level 4 in Axes
  3088 | D:4      | Noticed Blork the orc
  3096 | D:4      | Killed Blork the orc
  3107 | D:4      | Noticed Ijyb
  3124 | D:4      | Killed Ijyb
  3191 | D:4      | Noticed Robin
  3195 | D:4      | Killed Robin
  3224 | D:4      | Found Guinui's Magic Scroll Boutique.
  3232 | D:4      | Bought a scroll of enchant weapon for 75 gold pieces
  3280 | D:4      | Noticed Dowan
  3313 | D:4      | Reached skill level 5 in Axes
  3692 | D:4      | Noticed Duvessa
  3712 | D:4      | Killed Duvessa
  3712 | D:4      | Reached skill level 1 in Maces & Flails
  3712 | D:4      | Gained mutation: You have razor-sharp teeth. [Vine Stalker
                  | growth]
  3712 | D:4      | Reached XP level 8. HP: 39/42 MP: 7/9
  3717 | D:4      | Killed Dowan
  4085 | D:5      | Entered Level 5 of the Dungeon
  4221 | D:5      | Noticed a wyvern
  4226 | D:5      | Killed a wyvern
  4226 | D:5      | Reached skill level 6 in Axes
  4463 | D:5      | Reached skill level 5 in Shields
  4956 | D:6      | Found a basalt altar of Yredelemnul.
  4994 | D:6      | Noticed Pikel
  5045 | D:6      | Killed Pikel
  5045 | D:6      | Reached skill level 7 in Axes
  5045 | D:6      | Reached skill level 5 in Armour
  5045 | D:6      | Reached XP level 9. HP: 42/46 MP: 8/10
  5372 | D:6      | Found a sparkling altar of Nemelex Xobeh.
  5449 | D:6      | Found a staircase to the Ecumenical Temple.
  5469 | Temple   | Entered the Ecumenical Temple
  5579 | Temple   | Became a worshipper of Warmaster Okawaru
  5806 | D:7      | Reached * piety under Okawaru
  5806 | D:7      | Reached skill level 8 in Axes
  5811 | D:7      | Found a sparkling altar of Nemelex Xobeh.
  5948 | D:7      | Found a shimmering altar of Xom.
  5951 | D:7      | Found a shimmering altar of Xom.
  5951 | D:7      | Found a shimmering altar of Xom.
  5951 | D:7      | Found a shimmering altar of Xom.
  5952 | D:7      | Found a shimmering altar of Xom.
  5952 | D:7      | Found a shimmering altar of Xom.
  5952 | D:7      | Found a shimmering altar of Xom.
  5952 | D:7      | Found a shimmering altar of Xom.
  5954 | D:7      | Found a shimmering altar of Xom.
  5955 | D:7      | Found a shimmering altar of Xom.
  6090 | D:7      | Reached XP level 10. HP: 51/51 MP: 11/11
  7027 | D:9      | Reached skill level 9 in Axes
  7036 | D:9      | Noticed a death yak
  7037 | D:9      | Noticed a death yak
  7037 | D:9      | Noticed a death yak
  7039 | D:9      | Reached ** piety under Okawaru
  7079 | D:9      | Killed a death yak
  7085 | D:9      | Killed a death yak
  7085 | D:9      | Reached *** piety under Okawaru
  7085 | D:9      | Reached skill level 5 in Fighting
  7095 | D:9      | Killed a death yak
  7095 | D:9      | Reached skill level 10 in Axes
  7159 | D:9      | Found a shattered altar of Ashenzari.
  7199 | D:9      | Found a hazy altar of Hepliaklqana.
  7257 | D:9      | Reached XP level 11. HP: 50/56 MP: 10/12
  7272 | D:9      | Found an iron altar of Okawaru.
  7311 | D:9      | Found a staircase to the Lair.
  7507 | D:9      | Found a hide-covered altar of Uskayaw.
  7507 | D:9      | Found a stormy altar of Qazlal.
  7584 | D:9      | Learned a level 2 spell: Blink
  7591 | D:9      | Found a radiant altar of Vehumet.
  7592 | D:9      | Found a deep blue altar of Sif Muna.
  7763 | D:9      | Found a runed translucent gate.
  7763 | D:9      | Noticed Kairos's ghost (journeyman FoAK)
  7764 | D:9      | Identified the +9 flail of Pekionku {venom, rN+}
  7764 | D:9      | Found a runed translucent gate.
  7765 | D:9      | Found a runed translucent gate.
  7771 | D:9      | Found a roughly hewn altar of Beogh.
  7811 | D:9      | Gained mutation: You are somewhat resistant to further
                  | mutation. [potion of mutation]
  7811 | D:9      | Gained mutation: You are frail. (-10% HP) [potion of
                  | mutation]
  7812 | D:9      | Lost mutation: You are frail. (-10% HP) [potion of
                  | mutation]
  7812 | D:9      | Lost mutation: You are somewhat resistant to further
                  | mutation. [potion of mutation]
  7812 | D:9      | Gained mutation: Your mind is acute. (Int +2) [potion of
                  | mutation]
  7812 | D:9      | Gained mutation: You tend to lose your temper in combat.
                  | [potion of mutation]
  7812 | D:9      | Gained mutation: You expend magic power (3 MP) to
                  | strengthen your wands. [potion of mutation]
  7813 | D:9      | Lost mutation: You expend magic power (3 MP) to strengthen
                  | your wands. [potion of mutation]
  7813 | D:9      | Lost mutation: You tend to lose your temper in combat.
                  | [potion of mutation]
  7813 | D:9      | Gained mutation: Your muscles are strong. (Str +2) [potion
                  | of mutation]
  7813 | D:9      | Gained mutation: You have a pair of small horns on your
                  | head. [potion of mutation]
  8131 | D:9      | Killed Kairos's ghost
  8131 | D:9      | Reached **** piety under Okawaru
  8131 | D:9      | Reached skill level 1 in Invocations
  8290 | D:10     | Entered Level 10 of the Dungeon
  8401 | D:10     | Noticed a two-headed ogre
  8407 | D:10     | Killed a two-headed ogre
  8407 | D:10     | Reached skill level 1 in Spellcasting
  8998 | D:10     | Noticed a deep elf mage
  8998 | D:10     | Noticed a glowing orange brain
  8998 | D:10     | Noticed an ogre mage
  9008 | D:10     | Killed an ogre mage
  9019 | D:10     | Killed a deep elf mage
  9023 | D:10     | Killed a glowing orange brain
  9262 | D:11     | Noticed a cyclops
  9293 | Lair:1   | Entered Level 1 of the Lair of Beasts
  9295 | Lair:1   | Reached ***** piety under Okawaru
  9322 | Lair:1   | Reached skill level 11 in Axes
  9485 | Lair:1   | Gained mutation: You heal very quickly. [Vine Stalker
                  | growth]
  9485 | Lair:1   | Reached XP level 12. HP: 61/61 MP: 16/16
 10348 | Lair:2   | Found a staircase to the Swamp.
 10377 | Lair:2   | Received a gift from Okawaru
 10381 | Lair:2   | Got a spiked ring mail {god gift}
 10392 | Lair:2   | Identified the +0 ring mail of Curiosity {*Corrode rF++ rC+
                  | SInv} (Okawaru gifted it to you on level 2 of the Lair of
                  | Beasts)
 11196 | Lair:3   | Found a staircase to the Snake Pit.
 11326 | Lair:3   | Noticed a seven-headed hydra
 11335 | Lair:3   | Killed a seven-headed hydra
 11597 | Lair:3   | Reached ****** piety under Okawaru
 11597 | Lair:3   | Reached XP level 13. HP: 60/67 MP: 19/19
 11780 | Lair:3   | Reached skill level 12 in Axes
 11983 | Lair:4   | Reached skill level 5 in Dodging
 12035 | Lair:4   | Received a gift from Okawaru
 12830 | Lair:5   | Found a staircase to the Slime Pits.
 13572 | Lair:6   | Entered Level 6 of the Lair of Beasts
 13691 | Lair:6   | Found a transporter.
 13698 | Lair:6   | Noticed Karim's ghost (journeyman TrEE)
 13700 | Lair:6   | Identified the +8 quarterstaff "Dinoynuo" {speed, *Slow
                  | +Blink Int+2}
 13709 | Lair:6   | Found a bloodstained altar of Trog.
 13709 | Lair:6   | Identified the +5 trident of Accidental Termination {elec,
                  | MR+ Str+3}
 13719 | Lair:6   | Found a transporter.
 13836 | Lair:6   | HP: 2/68 [spiny frog (3)]
 13836 | Lair:6   | Slain by a spiny frog

Skill      XL: |  1  2  3  4  5  6  7  8  9 10 11 12 13 |
---------------+----------------------------------------+-----
Axes           | 2 3 5 7 8 10 11 12 | 12.4
Fighting       | 3 4 5 6 7 |  7.6
Armour         | 3 5 6 7 8 |  8.1
Shields        | 3 4 5 6 7 8 9 |  9.3
Dodging        | 1 2 3 4 5 |  5.3
Stealth        | 1 2 3 |  3.1
Maces & Flails | 1 2 |  2.8
Invocations    | 2 4 |  4.9
Spellcasting   | 2 3 4 |  4.5
Evocations     | |  0.4

Action                   |  1- 3 |  4- 6 |  7- 9 | 10-12 | 13-15 || total
-------------------------+-------+-------+-------+-------+-------++-------
Melee: War axe           |    64 |    54 |   233 |   118 |    99 ||   568
       Bite              |    10 |    32 |   108 |   186 |    68 ||   404
       Whip              |       |    18 |    27 |       |       ||    45
       Hand axe          |       |       |       |   214 |       ||   214
       Headbutt          |       |       |       |   109 |    38 ||   147
       Flail             |       |       |       |    35 |    16 ||    51
Throw: Throwing net      |       |     1 |       |       |       ||     1
Invok: Heroism           |       |       |       |     3 |     1 ||     4
Evoke: Wand              |       |       |       |     3 |     1 ||     4
  Use: Scroll            |       |     2 |     3 |    15 |     4 ||    24
       Potion            |       |       |       |     4 |       ||     4
 Stab: Held in net/web   |       |     1 |       |       |       ||     1
  Eat: Ration            |     2 |       |     1 |     2 |       ||     5
       Chunk             |       |       |     6 |    16 |     6 ||    28
Armor: Scale mail        |    11 |    19 |    68 |       |       ||    98
       Chain mail        |       |       |     7 |    79 |    77 ||   163
       Plate armour      |       |       |       |     6 |       ||     6
Dodge: Dodged            |    18 |    11 |    55 |    61 |    46 ||   191
Block: Shield            |    34 |    37 |   167 |   214 |   112 ||   564
       Reflection        |       |     2 |     4 |     6 |       ||    12
